 Dungeon Crawl Stone Soup version 0.21-a0 (webtiles) character file.

7195 pichaelthompson the Nimble (level 10, 0/76 HPs)
             Began as a Demonspawn Gladiator on May 19, 2017.
             Was a High Priest of Ru.
             Engulfed by a cloud of freezing vapour (4 damage)
             ... in an ice cave.
             The game lasted 00:52:39 (10597 turns).

pichaelthompson the Nimble (Demonspawn Gladiator)  Turns: 10597, Time: 00:52:40

Health: 0/76       AC: 15    Str: 21    XL:     10   Next: 87%
Magic:  0/19       EV: 20    Int: 10    God:    Ru [*****.]
Gold:   639        SH:  0    Dex: 19    Spells: 21/21 levels left

rFire    . . .     SeeInvis +   b - +6 whip (freeze)
rCold    . . .     Gourm    .   (no shield)
rNeg     . . .     Faith    .   A - +4 robe of the Thirsty Orbs {Dex+3 SInv}
rPois    .         Spirit   +   (helmet restricted)
rElec    .         Reflect  .   B - +0 cloak
rCorr    .         Harm     .   (no gloves)
MR       .....                  (no boots)
Stlth    +++.......             a - amulet of regeneration
Regen    0.7/turn               o - +6 ring of protection
MPRegen  0.2/turn               G - +5 ring of strength

@: no status effects
A: horns 1, icy blue scales 1, demonic guardian 1, magic shield, inability to
train armour, unskilled 1, inexperienced 1
a: Draw Out Power, Power Leap, Apocalypse, Renounce Religion


You were in an ice cave.
You worshipped Ru.
Ru was extremely pleased with you.
You were not hungry.

You visited 1 branch of the dungeon, and saw 11 of its levels.
You also visited: Sewer and Ice Cave.

You collected 639 gold pieces.

Inventory:

Hand Weapons
 b - a +6 whip of freezing (weapon)
Missiles
 d - 4 throwing nets (quivered)
 n - 78 sling bullets
Armour
 A - the +4 robe of the Thirsty Orbs (worn) {Dex+3 SInv}
   (You found it on level 4 of the Dungeon)

   It affects your dexterity (+3).
   It lets you see invisible.
 B - a +0 cloak (worn)
Jewellery
 a - an amulet of regeneration (around neck)
 o - a +6 ring of protection (left hand)
 z - an uncursed ring of see invisible {unknown}
 G - a +5 ring of strength (right hand)
 I - an uncursed ring of wizardry
Wands
 w - a wand of acid (5/15)
 y - a wand of confusion (32/48)
 H - a wand of flame (20/48)
 K - a wand of flame (12/48)
 M - a wand of digging (6/24)
Scrolls
 l - 5 scrolls of remove curse
 r - a scroll of magic mapping
 t - 7 scrolls of teleportation
 u - a scroll of enchant armour {unknown}
 v - 2 scrolls of fog
 x - a scroll of blinking
 C - 2 scrolls of brand weapon {unknown}
 D - 5 scrolls of amnesia
 F - a scroll of holy word {unknown}
 L - 3 scrolls of noise {unknown}
Potions
 e - 3 potions of lignification
 g - a potion of agility
 h - 2 potions of resistance
 m - 3 potions of haste
 p - a potion of flight
 q - 6 potions of curing
 s - a potion of heal wounds
 E - a potion of brilliance {unknown}
 J - a potion of mutation {unknown}
Comestibles
 f - 15 bread rations
 i - 2 royal jellies
 j - 5 meat rations
 k - 11 fruits


   Skills:
 + Level 5.9 Fighting
 + Level 9.3 Maces & Flails
 - Level 1.5 Throwing
 * Level 9.7 Dodging
 + Level 3.3 Stealth
 * Level 6.3 Spellcasting


You had 21 spell levels left.
You didn't know any spells.

Dungeon Overview and Level Annotations

Branches:
Dungeon (11/15)            Temple (0/1) D:5            Lair (0/6) D:9
    Orc (0/2) D:9

Altars:
Cheibriados
Fedhas
Gozag
Ru
Sif Muna
Trog
Uskayaw
Zin
The Shining One

Shops:
D:11 (

Annotations:
IceCv exclusion: ice statue


Innate Abilities, Weirdness & Mutations

You have a pair of small horns on your head.
You are partially covered in icy blue scales. (AC +2)
A weak demonic guardian rushes to your aid.
When hurt, damage is shared between your health and your magic reserves.
You cannot train Armour skill.
You are somewhat unskilled. (-1 Apt)
You are somewhat inexperienced. (-2 XL)


Message History

* * * LOW HITPOINT WARNING * * *
The bolt of cold hits the ice beast.
The ice beast completely resists.
You focus your will and illuminate the ice statue in retribution!
You hit the ice statue.
The ice statue is almost destroyed.
You are engulfed in freezing vapours.
* * * LOW HITPOINT WARNING * * *
The ice beast closely misses you. x2
The ice beast hits you but does no damage.
You hit the ice statue but do no damage.
The ice statue is almost destroyed.
You are engulfed in freezing vapours.
* * * LOW HITPOINT WARNING * * *
The ice devil is stunned by your will and fails to attack.
The ice beast hits you but does no damage.
You hit the ice statue. You headbutt the ice statue.
You destroy the ice statue!
The ice beast disappears in a puff of smoke! x2
You are engulfed in freezing vapours.
You die...

##.....##
##...## ##...#
#...## #...##
##...# ##...####
##8#....§#§##
#.......Y@§.#
#........§4§..#
#........§§...#
...............#
...............#
.......⌠.......#
...............#
...............#


You could see an ice statue, an ice devil and an ice beast.

Vanquished Creatures
  5 two-headed ogres
  Erica (D:9)
  The ghost of
  31503 the Covert, a novice NaFi of Okawaru (D:9)
  Pikel (D:5)
  A manticore (D:10)
  An ice statue (IceCv)
  A kobold demonologist (D:10)
  2 ice devils (IceCv)
  A troll (D:9)
  2 hippogriffs (D:10)
  A wraith (D:10)
  3 wyverns
  A yak (D:11)
  Eustachio (D:7)
  A hungry ghost (D:9)
  2 porcupines
  6 orc warriors
  4 ice beasts
  2 sky beasts
  3 black bears
  A hornet zombie (D:8)
  8 ogres
  A phantom (D:5)
  A necrophage (D:7)
  4 centaurs
  A crocodile (D:9)
  Blork the orc (D:8)
  6 bullfrogs
  A gnoll sergeant (D:7)
  5 scorpions
  3 killer bees (D:7)
  6 wights
  2 howler monkeys (D:10)
  2 bullfrog zombies
  3 crimson imps
  A centaur zombie (D:4)
  A jelly (D:6)
  7 orc wizards
  6 orc priests
  2 bullfrog skeletons
  2 hounds
  A gnoll shaman (D:5)
  Terence (D:3)
  3 iguanas
  7 worker ants
  2 killer bee zombies
  A hound zombie (D:5)
  A hound skeleton (D:7)
  A mummy (D:5)
  2 howler monkey zombies
  2 worker ant zombies
  10 gnolls
  15 adders
  2 shadow imps
  A white imp (D:9)
  8 oozes (Sewer)
  2 adder skeletons (D:4)
  2 worms (D:2)
  3 dart slugs
  12 leopard geckos
  20 orcs
  14 giant cockroaches
  7 goblins
  3 hobgoblins
  13 jackals
  5 kobolds
  6 quokkas
  4 ball pythons
  8 bats
  12 frilled lizards
  2 leopard gecko zombies
  17 rats
291 creatures vanquished.

Vanquished Creatures (collateral kills)
  A two-headed ogre (D:6)
  An ice devil (IceCv)
  A troll (D:10)
  A hippogriff (D:9)
  A yak (D:11)
  A hungry ghost (D:7)
  An ice beast (D:5)
  A slave (D:5)
  An eye of draining (D:10)
  2 ogres
  A centaur (D:10)
  2 bullfrogs (Sewer)
  2 howler monkeys
  A crimson imp (D:10)
  A bullfrog zombie (D:10)
  A centaur zombie (D:9)
  A hound (D:7)
  2 orc wizards (D:7)
  A worker ant (D:10)
  An adder (Sewer)
  An ooze (Sewer)
  An adder skeleton (D:9)
  2 leopard geckos
  6 orcs
  A giant cockroach (Sewer)
  4 jackals
  A kobold (D:11)
  A frilled lizard (Sewer)
41 creatures vanquished.

Vanquished Creatures (others)
  A yak (D:11)
  4 toadstools (D:1)
5 creatures vanquished.

Grand Total: 337 creatures vanquished

Notes
Turn   | Place    | Note
-------+----------+-------------------------------------------
     0 | D:1      | pichaelthompson the Demonspawn Gladiator began the quest for the Orb.
     0 | D:1      | Reached XP level 1. HP: 16/16 MP: 1/1
   266 | D:1      | Gained mutation: When hurt, damage is shared between your health and your magic reserves. [demonic ancestry]
   266 | D:1      | Reached XP level 2. HP: 17/22 MP: 2/2
   928 | D:1      | Reached XP level 3. HP: 21/27 MP: 3/3
  1544 | D:2      | Reached skill level 1 in Armour
  1851 | D:2      | You fall through a shaft!
  1853 | D:3      | Found a deep blue altar of Sif Muna.
  1958 | D:3      | Reached skill level 1 in Spellcasting
  1958 | D:3      | Gained mutation: A weak demonic guardian rushes to your aid. [demonic ancestry]
  1958 | D:3      | Reached XP level 4. HP: 33/33 MP: 5/5
  2086 | D:3      | Found a sacrificial altar of Ru.
  2104 | D:3      | Became a worshipper of Ru the Awakened
  2168 | D:3      | Found a glowing drain.
  2172 | Sewer    | Entered a sewer
  2570 | Sewer    | Reached XP level 5. HP: 37/39 MP: 5/7
  2952 | Sewer    | Gained mutation: You are partially covered in icy blue scales. (AC +2) [demonic ancestry]
  2952 | Sewer    | Reached XP level 6. HP: 18/46 MP: 5/8
  3090 | D:3      | Noticed Terence
  3101 | D:3      | Killed Terence
  3734 | D:4      | Got a silken robe
  3770 | D:4      | Identified the +4 robe of the Thirsty Orbs {Dex+3 SInv} (You found it on level 4 of the Dungeon)
  3804 | D:5      | Entered Level 5 of the Dungeon
  4067 | D:5      | Reached XP level 7. HP: 49/51 MP: 10/10
  4096 | D:5      | Noticed Pikel
  4358 | D:5      | Killed Pikel
  4358 | D:5      | Reached skill level 5 in Maces & Flails
  4358 | D:5      | Reached skill level 1 in Stealth
  4370 | D:5      | Found an opulent altar of Gozag.
  4393 | D:5      | Gained mutation: You are somewhat unskilled. (-1 Apt) [Ru sacrifice]
  4393 | D:5      | Reached * piety under Ru
  4457 | D:5      | Found a staircase to the Ecumenical Temple.
  4496 | D:5      | Reached skill level 1 in Stealth
  4496 | D:5      | Reached XP level 8. HP: 48/58 MP: 10/12
  4633 | D:5      | Found a hide-covered altar of Uskayaw.
  4633 | D:5      | Found a sacrificial altar of Ru.
  4764 | D:5      | Found a snail-covered altar of Cheibriados.
  5146 | D:5      | Reached skill level 5 in Maces & Flails
  5447 | D:6      | Reached skill level 5 in Dodging
  5642 | D:6      | Found a blossoming altar of Fedhas.
  5676 | D:6      | Noticed a two-headed ogre
  5730 | D:6      | Killed a two-headed ogre
  5838 | D:6      | Gained mutation: You have a pair of small horns on your head. [demonic ancestry]
  5838 | D:6      | Reached XP level 9. HP: 64/64 MP: 13/13
  6091 | D:7      | Found a glowing silver altar of Zin.
  6155 | D:7      | Found a glowing golden altar of the Shining One.
  6768 | D:7      | Gained mutation: You cannot train Armour skill. [Ru sacrifice]
  6768 | D:7      | Reached ** piety under Ru
  6768 | D:7      | Reached *** piety under Ru
  7094 | D:8      | Noticed a two-headed ogre
  7115 | D:8      | Killed a two-headed ogre
  7115 | D:8      | Reached XP level 10. HP: 54/73 MP: 11/16
  7133 | D:8      | Noticed Blork the orc
  7134 | D:8      | Noticed Eustachio
  7254 | D:7      | Killed Eustachio
  7315 | D:8      | Killed Blork the orc
  7825 | D:9      | Noticed 31503's ghost (novice NaFi)
  7833 | D:9      | Noticed a two-headed ogre
  7842 | D:9      | Killed 31503's ghost
  7937 | D:9      | Killed a two-headed ogre
  7937 | D:9      | Reached skill level 5 in Spellcasting
  8018 | D:9      | Reached skill level 5 in Fighting
  8042 | D:9      | Found a staircase to the Lair.
  8153 | D:9      | Found a staircase to the Orcish Mines.
  8239 | D:9      | Noticed a two-headed ogre
  8258 | D:9      | Killed a two-headed ogre
  8258 | D:9      | Reached XP level 11. HP: 70/79 MP: 15/18
  8263 | D:9      | Noticed Erica
  8321 | D:9      | Noticed a two-headed ogre
  8333 | D:9      | Killed a two-headed ogre
  8381 | D:9      | Killed Erica
  8993 | D:10     | Entered Level 10 of the Dungeon
  9065 | D:10     | Gained mutation: You are somewhat inexperienced. (-2 XL) [Ru sacrifice]
  9065 | D:10     | Reached XP level 10. HP: 74/74 MP: 18/18
  9065 | D:10     | Reached XP level 9. HP: 68/68 MP: 17/17
  9065 | D:10     | Reached **** piety under Ru
  9065 | D:10     | Reached ***** piety under Ru
  9177 | D:10     | Noticed a troll
  9187 | D:10     | Killed a troll
  9295 | D:10     | Noticed a kobold demonologist
  9306 | D:10     | Noticed a sun demon
  9419 | D:10     | Noticed a soul eater
  9427 | D:10     | Killed a kobold demonologist
  9467 | D:10     | Noticed a manticore
  9485 | D:10     | Killed a manticore
  9485 | D:10     | Reached XP level 10. HP: 37/75 MP: 7/18
  9653 | D:10     | Noticed a two-headed ogre
  9661 | D:10     | Killed a two-headed ogre
  9909 | D:10     | Found a bloodstained altar of Trog.
 10315 | D:11     | Found Qeruboy's Antique Weapon Shop.
 10380 | D:11     | Noticed a two-headed ogre
 10389 | D:11     | Found a frozen archway.
 10396 | IceCv    | Entered an ice cave
 10420 | IceCv    | HP: 2/76 [ice devil (17)]
 10441 | IceCv    | HP: 1/76 [ice devil (15)]
 10577 | IceCv    | Noticed an ice statue
 10577 | IceCv    | Noticed an ice statue
 10597 | IceCv    | Killed an ice statue
 10597 | IceCv    | Engulfed by a cloud of freezing vapour

Vault maps used:
D:1:      ldierk_walled_garden_2
D:2:      minmay_misc_feat_rows, minmay_pentomino_s4
D:3:      lemuel_coloured_pillars_altar, gup_sewer_entry_bowl,
          nicolae_ru_awakened_eye, uniq_terence
D:5:      slow_altar_2, overflow_temple_1_default,
          gammafunk_temple_overflow_elements,
          minmay_temple_entry_enclosed_plants, first_bread, uniq_pikel
D:6:      kennysheep_mini
D:7:      kennysheep_mini_moat, grunt_ogre_cave, tso_metal_star
D:8:      serial_glass, glass_columns_a, glass_columns_c, glass_columns_a,
          glass_columns_b, roderic_roman_lattice, sword_in_stone
D:9:      minmay_diamond_stairs, grunt_lair_entry_orc_guard_hut, orc_0_dummy,
          bh_chokoban, minmay_fire_ice_demons, uniq_erica
D:10:     minmay_quarter_circles, david_defended_altar_orc
D:11:     serial_shops, nicolae_shop_trees, portal_ice_cave_entry_pillars_1
Sewer:    sewer_frog_island_02
IceCv:    ice_cave_tombish

Skill      XL: |  1  2  3  4  5  6  7  8  9 10 11 |
---------------+----------------------------------+-----
Dodging        | 3 4 5 6 8 9 |  9.7
Maces & Flails | 3 4 4 5 7 9 |  9.3
Armour         | 1 2 3 4 0 |  0.0
Spellcasting   | 1 2 3 4 6 |  6.3
Fighting       | 3 4 5 |  5.9
Stealth        | 1 3 |  3.3
Throwing       | |  1.5

Action                   |  1- 3 |  4- 6 |  7- 9 | 10-12 || total
-------------------------+-------+-------+-------+-------++-------
Melee: Flail             |   173 |   351 |    28 |       ||   552
       Whip              |       |       |   534 |   425 ||   959
       Headbutt          |       |       |    86 |   118 ||   204
Invok: Sacrifice Skill   |       |       |     1 |       ||     1
       Sacrifice Durabil |       |       |     1 |       ||     1
       Sacrifice Experie |       |       |     1 |       ||     1
  Use: Scroll            |       |     4 |    13 |     5 ||    22
       Potion            |       |       |       |     6 ||     6
 Stab: Sleeping          |     1 |       |       |     1 ||     2
       Distracted        |       |     2 |     5 |     2 ||     9
       Invisible         |       |       |       |     2 ||     2
  Eat: Chunk             |     4 |     7 |    13 |    11 ||    35
Armor: Leather armour    |    64 |       |       |       ||    64
       Ring mail         |    25 |   227 |       |       ||   252
       Robe              |       |    19 |   196 |    88 ||   303
Dodge: Dodged            |   170 |   355 |   455 |   308 ||  1288
